 Dungeon Crawl Stone Soup version 0.31-a0-764-g8440623082 (webtiles) character file.

Game seed: 8938350460715535977

65 Ijustatesigmund the Firebug (level 3, -1/20 HPs)
             Began as a Deep Elf Fire Elementalist on Sept 15, 2023.
             Killed from afar by an orc wizard (10 damage)
             ... with a puff of flame
             ... on level 3 of the Dungeon.
             The game lasted 00:03:48 (1981 turns).

Ijustatesigmund the Firebug (DEFE)                  Turns: 1981, Time: 00:03:49

Health: -1/20      AC:  2    Str:  5    XL:     3   Next: 92%
Magic:  2/10       EV: 12    Int: 21    God:
Gold:   150        SH:  0    Dex: 15    Spells: 6/9 levels left

rFire   . . .        d - staff of conjuration
rCold   . . .        (no shield)
rNeg    . . .        a - +0 robe
rPois   .            (no helmet)
rElec   .            (no cloak)
rCorr   .            (no gloves)
SInv    .            (no boots)
Will    .....        (no amulet)
Stlth   +            m - +4 ring of slaying
HPRegen 0.23/turn    (no ring)
MPRegen 0.12/turn

%: no passive effects
@: confused, mighty
A: no striking features
a: no special abilities


You were on level 3 of the Dungeon.
You visited 1 branch of the dungeon, and saw 3 of its levels.

You collected 215 gold pieces.
You spent 65 gold pieces at shops.

Inventory:

Armour
 a - a +0 robe (worn)
Magical Staves
 d - a staff of conjuration (weapon)
Jewellery
 m - a +4 ring of slaying (left hand)
Scrolls
 g - 2 scrolls of enchant weapon
 i - a scroll of teleportation
 j - a scroll of identify
 l - a scroll of poison {unknown}
Potions
 b - a potion of magic
 c - a potion of attraction
 e - a potion of enlightenment
 f - 2 potions of lignification
 k - a potion of might
 n - a potion of haste {unknown}


   Skills:
 - Level 1.0 Fighting
 + Level 0.4 Staves
 - Level 2.4 Dodging
 - Level 2.4 Stealth
 + Level 3.8 Spellcasting
 + Level 2.3 Conjurations
 + Level 3.9 Fire Magic


You had 6 spell levels left.
You knew the following spells:

 Your Spells              Type           Power      Damage    Failure   Level
a - Foxfire               Conj/Fire      100%       2x1d9     3%          1
b - Scorch                Fire           40%        2d6       3%          2

Your spell library contained the following spells:

 Spells                   Type           Power      Damage    Failure   Level
 Inner Flame              Hex/Fire       12%        N/A       16%         3
 Volatile Blastmotes      Fire/Tloc      24%        2d12      16%         3
 Flame Wave               Conj/Fire      25%        2d8       32%         4


Dungeon Overview and Level Annotations

Branches:
Dungeon (3/15)

Altars:

Shops:
D:2 ?


Message History

You are confused.
The foxfire hits something but does no damage.
You're too confused to cast spells.
You're too confused to cast spells.
You are too confused!
You are too confused!
You are too confused!
You are too confused!
You are too confused!
You are too confused!
You bump into the rock wall.
Something hits you but does no damage.
The orc hits you with a +1 short sword of freezing.
The orc freezes you.
You bump into the rock wall.
The orc hits you with a +1 short sword of freezing.
The orc freezes you.
You hear some strange, mumbled words.
You are more confused.
You feel much better. The orc barely misses you.
You hear some strange, mumbled words.
A puff of flame appears from out of thin air!
The puff of flame hits you.
It was a potion of might.
You feel very mighty all of a sudden. The orc barely misses you.
Something hits you.
You hit the orc!
You kill the orc!
Something hits you. Something hits you.
You see here a +1 short sword of freezing.
You miss something.
You hear some strange, mumbled words.
A magic dart appears from out of thin air!
The magic dart hits you.
You see here a frilled lizard corpse.
You hear some strange, mumbled words.
A puff of flame appears from out of thin air!
The puff of flame hits you!
Ouch! That really hurt!
You die...

#..# #####
##. ##.#
#.
####.####
#.
#...)...#
..
#.##.##.#
##. #
#.##.# #.
#..#.# #.
#.###†#)#
#
#....@){#
#####.###
. #... #
#..)..
#.......
#........
#........#
##........


There were no monsters in sight!

Vanquished Creatures
  An adder (D:3)
  2 worms (D:2)
  A dart slug (D:1)
  4 orcs (D:3)
  8 bats
  4 endoplasms
  2 goblins
  5 hobgoblins
  2 quokkas
  3 ball pythons
  2 frilled lizards
  4 kobolds (D:2)
  4 rats
42 creatures vanquished.

Vanquished Creatures (others)
  126 foxfires
126 creatures vanquished.

Grand Total: 168 creatures vanquished

Notes
Turn   | Place    | Note
-------+----------+-------------------------------------------
     0 | D:1      | Ijustatesigmund the Deep Elf Fire Elementalist began the
                  | quest for the Orb.
     0 | D:1      | Reached XP level 1. HP: 10/10 MP: 6/6
   341 | D:1      | Reached XP level 2. HP: 14/16 MP: 6/8
   344 | D:1      | Learned a level 2 spell: Scorch
   896 | D:2      | Found Zettag's Magic Scroll Emporium.
   901 | D:2      | Bought a scroll of teleportation for 39 gold pieces
   901 | D:2      | Bought a scroll of identify for 26 gold pieces
  1166 | D:2      | Reached XP level 3. HP: 20/20 MP: 5/10
  1380 | D:2      | Reached skill level 1 in Fighting
  1606 | D:3      | Found a faded altar of an unknown god.
  1981 | D:3      | Killed from afar by an orc wizard

Illustrated notes

Levels and vault maps discovered:
D:1:      pf_arrival_petrified_forest, layout_loops_ring, st_stairs_9,
          minmay_octomino_e4
D:2:      layout_rooms, serial_shops, nicolae_shop_tiny_real_fake_doors,
          small_statue_intersection
D:3:      layout_loops_cross, lemuel_doored_altar, ebering_ecumenical_altar_mist

Skill      XL: |  1  2  3 |
---------------+----------+-----
Fighting       | 1 |  1.0
Conjurations   | 2 |  2.3
Staves         | |  0.4
Dodging        | |  2.4
Stealth        | |  2.4
Spellcasting   | |  3.8
Fire Magic     | |  3.9

Action                     || total
---------------------------++-------
  Melee: Staff             ||     2
   Cast: Foxfire           ||    74
         Scorch            ||     2
    Use: Scroll            ||     6
         Potion            ||     2
 Armour: Robe              ||    17
  Dodge: Dodged            ||    12

Table legend: (Time is in decaauts)
 A = Elapsed time spent in this place.
 B = Non-inter-level travel time spent in this place.
 C = Inter-level travel time spent in this place.
 D = Time resting spent in this place.
 E = Time spent auto-exploring this place.
 F = Levels seen in this place.
 G = Mean time per level.
                   A        B        C        D        E       F      G
               +--------+--------+--------+--------+--------+-----+--------+
         Total |   1980 |   1935 |     45 |     16 |   1659 |   3 |  660.0 |
       Dungeon |   1980 |   1935 |     45 |     16 |   1659 |   3 |  660.0 |
               +--------+--------+--------+--------+--------+-----+--------+

Top non-repeatable levels by time:
     D:1: 839 daAuts
     D:2: 764 daAuts
     D:3: 375 daAuts
